cohdb
Replays
Latest Replays
All Replays
Popular Replays
Top Player Replays
Match Explorer
How It Works
Community
CoH3 Stats
Reddit
Sign in to upload your games and track your stats! →
Sign in with Steam
Match 45503818
Unlisted
Match 45503818
Overview
Messages
Build Orders
End
Panzergrenadier Squad
Selects Panzerjäger Kommand Battlegroup
Selects Mine Fields
Panzergrenadier Squad
250 Light Carrier
Construct Light Support Kompanie
Combat Half-tracks
Selects Tank Busters
Fire Support Elements
Flakvierling Half-track
Panzerjäger Mechanized Group
Vehicle Survival Package
2.5-tonne Medical Truck
2.5-tonne Medical Truck
Veteran Squad Leaders
Construct Panzerarmee Kommand
Panzergrenadier Squad
Selects Crew Shock Tactics
Crew Shock Tactics
Walking Stuka Rocket Launcher
Panzerjäger Mechanized Group
Rapid Advance
Selects Elefant Tank Destroyer
Crew Shock Tactics
dbswo0927
Toasty McToastFace
Thunderhill
Beary bear
Anti-Something Squad
娘希匹,优势在我!
VRRRR
...........
0
0
Comments
sign in to comment!
No comments posted yet!